 Dungeon Crawl Stone Soup version 0.21.1-1-g345015f (webtiles) character file.

63 shakethe the Skirmisher (level 4, 0/29 HPs)
             Began as a Gargoyle Fighter on Feb 22, 2018.
             Slain by a hobgoblin
             ... wielding a +0 club
             ... led by Robin
              (1 damage)
             ... on level 2 of the Dungeon.
             The game lasted 00:01:36 (931 turns).

shakethe the Skirmisher (Gargoyle Fighter)           Turns: 931, Time: 00:01:38

Health: 0/29       AC: 12    Str: 19    XL:     4   Next: 10%
Magic:  4/4        EV:  7    Int: 10    God:
Gold:   77         SH:  9    Dex:  9    Spells: 3/3 levels left

rFire    . . .     SeeInvis .   a - +0 flail
rCold    . . .     Gourm    .   c - +0 shield
rNeg     + . .     Faith    .   b - +0 scale mail
rPois    ∞         Spirit   .   (no helmet)
rElec    +         Reflect  .   h - +1 cloak
rCorr    .         Harm     .   (no gloves)
MR       .....                  (no boots)
Stlth    ..........             (no amulet)
HPRegen  0.09/turn              (no ring)
MPRegen  0.09/turn              (no ring)

@: no status effects
A: negative energy resistance 1, electricity resistance, unbreathing,
petrification resistance, rot immunity, AC +3
a: no special abilities


You were on level 2 of the Dungeon.
You were not hungry.

You visited 1 branch of the dungeon, and saw 2 of its levels.

You collected 77 gold pieces.

Inventory:

Hand Weapons
 a - a +0 flail (weapon)
Armour
 b - a +0 scale mail (worn)
 c - a +0 shield (worn)
 h - a +1 cloak (worn)
   (You found it on level 1 of the Dungeon)
Jewellery
 l - a cursed ring of loudness {unknown}
   (You found it on level 1 of the Dungeon)
 p - an uncursed ring of magical power {unknown}
   (You found it on level 2 of the Dungeon)
Wands
 s - a wand of disintegration (8)
   (You found it on level 2 of the Dungeon)
Scrolls
 e - a scroll of amnesia {unknown}
 k - a scroll of magic mapping {unknown}
 m - a scroll of teleportation {unknown}
 o - a scroll of remove curse {unknown}
 q - a scroll of enchant armour {unknown}
Potions
 d - 2 potions of might
 i - a potion of lignification {unknown}
 j - a potion of haste {unknown}
 n - a potion of curing {unknown}
 r - a potion of heal wounds {unknown}
Comestibles
 f - 4 rations
 g - 5 chunks of flesh {@w0@w0}


   Skills:
 + Level 3.9 Fighting
 + Level 2.6 Maces & Flails
 + Level 3.8 Armour
 + Level 3.9 Shields


You had 3 spell levels left.
You didn't know any spells.

Dungeon Overview and Level Annotations

Branches:
Dungeon (2/15)

Altars:
Ashenzari

Annotations:
D:2 Robin


Innate Abilities, Weirdness & Mutations

You are resistant to torment.
Your stone body is resilient. (AC +3)
You are immune to poison.
You resist negative energy. (rN+)
You are resistant to electric shocks. (rElec)
You can survive without breathing.
You are immune to petrification.
You are immune to rotting.


Message History

Robin hits you but does no damage. The goblin hits you but does no damage.
The hobgoblin hits you but does no damage.
A goblin comes into view.
The goblin shouts!
You thump the hobgoblin!
You kill the hobgoblin!
The goblin hits you but does no damage. The goblin barely misses you.
You block Robin's attack. The goblin barely misses you.
The hobgoblin barely misses you. The goblin hits you but does no damage.
The hobgoblin hits you but does no damage.
The goblin hits you but does no damage.
You hit Robin but do no damage. The goblin closely misses you.
Robin hits you but does no damage. You block the goblin's attack.
The hobgoblin barely misses you. You block the goblin's attack.
The goblin hits you but does no damage. The hobgoblin hits you with a club.
The goblin hits you but does no damage. Robin hits you but does no damage.
You are too injured to fight recklessly!
You are too injured to fight recklessly!
You are too injured to fight recklessly!
You are too injured to fight recklessly!
You take 8 damage, and have 14/29 hp.
MASSIVE DAMAGE!!
You closely miss the goblin.
The goblin no longer looks unusually strong.
You block the goblin's attack.
The hobgoblin hits you but does no damage.
The goblin hits you but does no damage. The goblin closely misses you. x2
The hobgoblin hits you but does no damage.
The goblin hits you but does no damage.
You closely miss the goblin.
The goblin no longer looks unusually strong.
You block the goblin's attack. The hobgoblin barely misses you.
The goblin completely misses you. The goblin hits you but does no damage.
The hobgoblin hits you but does no damage.
You block the hobgoblin's attack. The goblin hits you with a dagger.
The goblin hits you but does no damage. You block the goblin's attack.
You take 1 damage, and have 13/29 hp.
You miss the goblin.
The hobgoblin no longer looks unusually strong. x2
The hobgoblin hits you but does no damage.
The goblin misses you. The hobgoblin barely misses you. x2
Robin flexes a bicep menacingly.
You block the goblin's attack. The goblin hits you but does no damage.
You block the goblin's attack. The goblin hits you but does no damage.
The hobgoblin barely misses you. You block the hobgoblin's attack.
You closely miss the goblin.
The goblin no longer looks unusually strong. x2
Robin roars a battlecry!
The goblins go into a battle-frenzy!
The goblin barely misses you. You block the hobgoblin's attack.
The goblin hits you but does no damage. x2; The hobgoblin hits you with a club.
The goblin barely misses you.
The hobgoblin hits you but does no damage.
You block Robin's attack. The goblin barely misses you.
You take 2 damage, and have 11/29 hp.
You closely miss the goblin. You block the hobgoblin's attack.
The goblin hits you but does no damage. The goblin hits you.
The hobgoblin hits you but does no damage.
The goblin hits you with a club!
* * * LOW HITPOINT WARNING * * *
The hobgoblin barely misses you. You block the goblin's attack.
The hobgoblin hits you but does no damage.
You block the goblin's attack. The goblin hits you but does no damage.
You take 8 damage, and have 3/29 hp.
MASSIVE DAMAGE!!
You hit the goblin.
The hobgoblin no longer looks unusually strong.
The goblin no longer looks unusually strong.
The hobgoblin hits you but does no damage.
You block the goblin's attack. The goblin hits you but does no damage.
The hobgoblin hits you but does no damage.
The goblin hits you but does no damage.
The hobgoblin hits you but does no damage.
You block the goblin's attack.
You hit the goblin.
You kill the goblin!
You block the goblin's attack. The hobgoblin barely misses you.
The goblin hits you but does no damage. You block Robin's attack.
The hobgoblin completely misses you. The hobgoblin barely misses you.
The goblin hits you.
* * * LOW HITPOINT WARNING * * *
The goblin hits you but does no damage. Robin hits you but does no damage.
The goblin closely misses you.
The hobgoblin hits you but does no damage. x2
You take 1 damage, and have 2/29 hp.
You completely miss the goblin. The goblin barely misses you. x2
The hobgoblin hits you but does no damage.
The goblin hits you but does no damage. x2; You block the hobgoblin's attack.
Robin hits you but does no damage. The hobgoblin barely misses you.
The goblin hits you.
* * * LOW HITPOINT WARNING * * *
The goblin closely misses you.
The hobgoblin hits you but does no damage.
You take 1 damage, and have 1/29 hp.
You miss the goblin.
The goblin hits you but does no damage. x2
The hobgoblin hits you but does no damage.
Robin roars a battlecry!
The goblins go into a battle-frenzy!
The hobgoblin hits you with a club.
You die...

#.# .# # #.#..#.### .
#.#..#.#.# ###
###.#.#..#...# ..#
...#.#..#.#.# ..#
#......#...#### ..# #.#
#.....ggg...... ..# #.#
#.....g@gg.....
..###.####.#...ggg......
..+...#....#....#.......
..# #...........#>...###
..# #)#.####...#######
..# #.#.# #........#
.(###.#.####.........#
......#........#...<..
...........#.._.......


You could see Robin, 3 hobgoblins and 5 goblins.

Vanquished Creatures
  2 adders (D:2)
  A worm (D:2)
  3 dart slugs (D:1)
  2 leopard geckos (D:1)
  6 goblins
  4 hobgoblins
  4 jackals (D:1)
  2 kobolds
  2 bats (D:1)
  4 frilled lizards
  3 rats (D:1)
33 creatures vanquished.

Notes
Turn   | Place    | Note
-------+----------+-------------------------------------------
     0 | D:1      | shakethe the Gargoyle Fighter began the quest for the Orb.
     0 | D:1      | Reached XP level 1. HP: 14/14 MP: 1/1
    47 | D:1      | Reached XP level 2. HP: 16/19 MP: 2/2
   538 | D:1      | Reached XP level 3. HP: 22/24 MP: 3/3
   864 | D:2      | Found a shattered altar of Ashenzari.
   891 | D:2      | Reached XP level 4. HP: 20/29 MP: 4/4
   912 | D:2      | Noticed Robin
   927 | D:2      | HP: 3/29 [goblin/club[Robin] (7)]
   930 | D:2      | HP: 1/29 [goblin[Robin] (1)]
   931 | D:2      | Slain by a hobgoblin

Action                   |  1- 3 |  4- 6 || total
-------------------------+-------+-------++-------
Melee: Flail             |   121 |    21 ||   142
Armor: Scale mail        |    62 |    51 ||   113
Dodge: Dodged            |    40 |    32 ||    72
Block: Shield            |    68 |    31 ||    99

Vault maps used:
D:1:      zaba_arrival_water, minmay_misc_feat_rows, hex_large,
          supply_closet_lemuel
D:2:      overflow_temple_1_default, uniq_robin

Table legend:
 A = Turns spent in this place as a percentage of turns spent in the entire game.
 B = Non-inter-level travel turns spent in this place as a percentage of non-inter-level travel turns spent in the entire game.
 C = Inter-level travel turns spent in this place as a percentage of turns spent in this place.
 D = Turns resting spent in this place as a percentage of non-inter-level travel turns spent in this place.
 E = Turns spent auto-exploring this place as a percentage of non-inter-level travel turns spent in this place.
 F = Non-inter-level travel turns spent in this place divided by the number of levels of this place that you've seen.
                   A       B       C       D       E      F
               +-------+-------+-------+-------+-------+----------------------
         Total | 100.0 | 100.0 |   3.1 |   0.0 |  73.8 | 451.0
       Dungeon | 100.0 | 100.0 |   3.1 |   0.0 |  73.8 | 451.0
               +-------+-------+-------+-------+-------+----------------------

Table legend:
 A = Kills in this place as a percentage of kills in entire the game.
 B = Kills by you in this place as a percentage of kills by you in the entire game.
 C = Kills by friends in this place as a percentage of kills by friends in the entire game.
 D = Other kills in this place as a percentage of other kills in the entire game.
 E = Experience gained in this place as a percentage of experience gained in the entire game.
 F = Experience gained in this place divided by the number of levels of this place that you have seen.
                   A       B       C       D       E      F
               +-------+-------+-------+-------+-------+----------------------
         Total | 100.0 | 100.0 |   N/A |   N/A | 100.0 |  45.5
       Dungeon | 100.0 | 100.0 |   N/A |   N/A | 100.0 |  45.5
               +-------+-------+-------+-------+-------+----------------------
